TOP OF THE 1ST |
---|
San Francisco Bandits batting - Pitching for Maui Tropics : LHP Jerry Martin | Pitching: LHP Jerry Martin | | Batting: RHB Javier Ramírez | 0-0: Ball 1-0: Ball 2-0: Ball 3-0: Base on Balls | Batting: RHB Naomichi Aoki | 0-0: Fly out, F6 (Popup, 6) | Batting: RHB Owen Carter | 0-0: Called Strike 0-1: Foul Ball, location: 2F 0-2: Ball 1-2: Ball 2-2: Foul Ball, location: 2F 2-2: Foul Ball, location: 2F 2-2: Fly out, F7 (Flyball, 78S) | Batting: RHB Michael Elliott | Pickoff Throw to First - Error! E1 Javier Ramírez to second 0-0: Ball 1-0: Foul Ball, location: 2F 1-1: Foul Ball, location: 2F 1-2: Ground out 6-3 (Groundball, 6S) | Top of the 1st over - 0 runs, 0 hits, 1 error, 1 left on base; San Francisco 0 - Maui 0 | BOTTOM OF THE 1ST |
---|
Maui Tropics batting - Pitching for San Francisco Bandits : RHP Tim Murray | Pitching: RHP Tim Murray | | Batting: LHB Don Hull | 0-0: Called Strike 0-1: Ball 1-1: Swinging Strike 1-2: Ball 2-2: Fly out, F8 (Flyball, 8RD) | Batting: LHB Dave Cook | 0-0: Ball 1-0: Foul Ball, location: 2F 1-1: Ball 2-1: Foul Ball, location: 2F 2-2: Foul Ball, location: 2F 2-2: Ball 3-2: Base on Balls | Batting: RHB Jesús Espinoza | 0-0: Called Strike 0-1: Ball 1-1: Foul Ball, location: 2F 1-2: Fly out, F8 (Flyball, 8RS) | Batting: LHB Luis Antonio Torres | 0-0: Ball 1-0: Foul Ball, location: 2F 1-1: Foul Ball, location: 2F 1-2: Ball 2-2: SINGLE (Groundball, 13S) (infield hit) Dave Cook to second | Batting: LHB José Rivas | 0-0: Called Strike 0-1: Fielders Choice at 2nd, 6-4 (Groundball, 6) | Bottom of the 1st over - 0 runs, 1 hit, 0 errors, 2 left on base; San Francisco 0 - Maui 0 | TOP OF THE 2ND |
---|
San Francisco Bandits batting - Pitching for Maui Tropics : LHP Jerry Martin | Batting: LHB Chris Austin | 0-0: Ball 1-0: Called Strike 1-1: Fly out, F8 (Flyball, 78M) | Batting: RHB Scott Merritt | 0-0: Fly out, F9 (Flyball, 9LM) | Batting: LHB Alan McGilroy | 0-0: Ball 1-0: Called Strike 1-1: Ball 2-1: Called Strike 2-2: Ball 3-2: Fly out, F8 (Flyball, 8RM) | Top of the 2nd over - 0 runs, 0 hits, 0 errors, 0 left on base; San Francisco 0 - Maui 0 | BOTTOM OF THE 2ND |
---|
Maui Tropics batting - Pitching for San Francisco Bandits : RHP Tim Murray | Batting: RHB Michael Woodruff | 0-0: Ball 1-0: Ball 2-0: Ball 3-0: Called Strike 3-1: Ground out 4-3 (Groundball, 4) | Batting: RHB Matt Silver | 0-0: Swinging Strike 0-1: Ball 1-1: Ball 2-1: Ball 3-1: Ground out 6-3 (Groundball, 56) | Batting: LHB Mark Everett | 0-0: Fly out, F9 (Flyball, 9S) | Bottom of the 2nd over - 0 runs, 0 hits, 0 errors, 0 left on base; San Francisco 0 - Maui 0 | TOP OF THE 3RD |
---|
San Francisco Bandits batting - Pitching for Maui Tropics : LHP Jerry Martin | Batting: RHB Jaime Spiridon | 0-0: Ground out 6-3 (Groundball, 6) | Batting: SHB Terry Dailey | 0-0: Called Strike 0-1: Swinging Strike 0-2: Ball 1-2: Strikes out looking | Batting: RHB Javier Ramírez | 0-0: Called Strike 0-1: Swinging Strike 0-2: Ball 1-2: Ball 2-2: Strikes out swinging | Top of the 3rd over - 0 runs, 0 hits, 0 errors, 0 left on base; San Francisco 0 - Maui 0 | BOTTOM OF THE 3RD |
---|
Maui Tropics batting - Pitching for San Francisco Bandits : RHP Tim Murray | Batting: RHB John Brown | 0-0: Called Strike 0-1: Foul Ball, location: 2F 0-2: Ball 1-2: Ground out 6-3 (Groundball, 6) | Batting: LHB Don Hull | 0-0: Called Strike 0-1: Ball 1-1: Ball 2-1: Ground out 6-3 (Groundball, 56) | Batting: LHB Dave Cook | 0-0: Called Strike 0-1: Called Strike 0-2: Strikes out looking | Bottom of the 3rd over - 0 runs, 0 hits, 0 errors, 0 left on base; San Francisco 0 - Maui 0 | TOP OF THE 4TH |
---|
San Francisco Bandits batting - Pitching for Maui Tropics : LHP Jerry Martin | Batting: RHB Naomichi Aoki | 0-0: Called Strike 0-1: Swinging Strike 0-2: Foul Ball, location: 2F 0-2: Ball 1-2: Ball 2-2: Strikes out looking | Batting: RHB Owen Carter | 0-0: Foul Ball, location: 2F 0-1: Ball 1-1: Ball 2-1: Called Strike 2-2: Ball 3-2: Ground out 4-3 (Groundball, 4) | Batting: RHB Michael Elliott | 0-0: Ball 1-0: Ball 2-0: Ball 3-0: Base on Balls | Batting: LHB Chris Austin | 0-0: Ball 1-0: Called Strike 1-1: Swinging Strike 1-2: Strikes out swinging | Top of the 4th over - 0 runs, 0 hits, 0 errors, 1 left on base; San Francisco 0 - Maui 0 | BOTTOM OF THE 4TH |
---|
Maui Tropics batting - Pitching for San Francisco Bandits : RHP Tim Murray | Batting: RHB Jesús Espinoza | 0-0: Ball 1-0: Ball 2-0: Foul Ball, location: 2F 2-1: Foul Ball, location: 2F 2-2: Ball 3-2: Ground out 4-3 (Groundball, 4) | Batting: LHB Luis Antonio Torres | 0-0: Called Strike 0-1: Foul Ball, location: 2F 0-2: Ball 1-2: DOUBLE (Flyball, 9D) | Batting: LHB José Rivas | 0-0: Ball 1-0: Ball 2-0: Ball 3-0: Base on Balls | Batting: RHB Michael Woodruff | 0-0: Swinging Strike 0-1: Ball 1-1: Called Strike 1-2: Foul Ball, location: 2F 1-2: DOUBLE (Groundball, 3L) Luis Antonio Torres scores José Rivas to third | Batting: RHB Matt Silver | 0-0: Ball 1-0: Ball 2-0: Called Strike 2-1: Swinging Strike 2-2: Fly out, F7 (Flyball, 78M) Runner from 3rd tags up, SCORES, throw made | Batting: LHB Mark Everett | 0-0: Called Strike 0-1: Foul Ball, location: 2F 0-2: Ball 1-2: Ball 2-2: Ball 3-2: Base on Balls | Batting: RHB John Brown | 0-0: Swinging Strike 0-1: Ball 1-1: Swinging Strike 1-2: Ball 2-2: Ball 3-2: Fly out, F7 (Flyball, 7S) | Bottom of the 4th over - 2 runs, 2 hits, 0 errors, 2 left on base; San Francisco 0 - Maui 2 | TOP OF THE 5TH |
---|
San Francisco Bandits batting - Pitching for Maui Tropics : LHP Jerry Martin | Batting: RHB Scott Merritt | 0-0: Called Strike 0-1: Called Strike 0-2: Strikes out looking | Batting: LHB Alan McGilroy | 0-0: Ball 1-0: Swinging Strike 1-1: Called Strike 1-2: Foul Ball, location: 2F 1-2: Strikes out looking and he ARGUES THE CALL AND IS TOSSED! | Batting: RHB Jaime Spiridon | 0-0: Foul Ball, location: 2F 0-1: Called Strike 0-2: Foul Ball, location: 2F 0-2: Ball 1-2: Strikes out swinging | Top of the 5th over - 0 runs, 0 hits, 0 errors, 0 left on base; San Francisco 0 - Maui 2 | BOTTOM OF THE 5TH |
---|
Maui Tropics batting - Pitching for San Francisco Bandits : RHP Tim Murray | Now at 1B: Anacleto Morillo | | Batting: LHB Don Hull | 0-0: Ground out 4-3 (Groundball, 4) | Batting: LHB Dave Cook | 0-0: Ball 1-0: Swinging Strike 1-1: Fly out, F7 (Flyball, 7D) | Batting: RHB Jesús Espinoza | 0-0: Swinging Strike 0-1: Ball 1-1: Ball 2-1: Foul Ball, location: 2F 2-2: Fly out, F1 (Line Drive, 13) | Bottom of the 5th over - 0 runs, 0 hits, 0 errors, 0 left on base; San Francisco 0 - Maui 2 | TOP OF THE 6TH |
---|
San Francisco Bandits batting - Pitching for Maui Tropics : LHP Jerry Martin | Batting: SHB Terry Dailey | 0-0: Ball 1-0: Called Strike 1-1: Foul Ball, location: 2F 1-2: Strikes out looking | Batting: RHB Javier Ramírez | 0-0: Ball 1-0: Ball 2-0: Called Strike 2-1: Ball 3-1: Base on Balls | Batting: RHB Naomichi Aoki | 0-0: Called Strike 0-1: Foul Ball, location: 2F 0-2: Foul Ball, location: 2F 0-2: Fielders Choice at 2nd, 4-6 (Groundball, 4) | Batting: RHB Owen Carter | 0-0: Ball 1-0: Ball 2-0: Ball 3-0: Base on Balls Naomichi Aoki to second | Batting: RHB Michael Elliott | 0-0: Ground out 3-1 (Groundball, 34) | Top of the 6th over - 0 runs, 0 hits, 0 errors, 2 left on base; San Francisco 0 - Maui 2 | BOTTOM OF THE 6TH |
---|
Maui Tropics batting - Pitching for San Francisco Bandits : RHP Tim Murray | Pitching: RHP Mitsunari Taguchi | | Batting: LHB Luis Antonio Torres | 0-0: Called Strike 0-1: Foul Ball, location: 2F 0-2: Ball 1-2: Ball 2-2: Strikes out swinging | Batting: LHB José Rivas | 0-0: Called Strike 0-1: Called Strike 0-2: Strikes out looking | Batting: RHB Michael Woodruff | 0-0: Ball 1-0: Ball 2-0: Swinging Strike 2-1: Swinging Strike 2-2: Strikes out swinging | Bottom of the 6th over - 0 runs, 0 hits, 0 errors, 0 left on base; San Francisco 0 - Maui 2 | TOP OF THE 7TH |
---|
San Francisco Bandits batting - Pitching for Maui Tropics : LHP Jerry Martin | Batting: LHB Chris Austin | 0-0: Called Strike 0-1: Swinging Strike 0-2: Ball 1-2: Fly out, F7 (Flyball, 7D) | Batting: RHB Scott Merritt | 0-0: Foul Ball, location: 2F 0-1: Ground out 1-3 (Groundball, P) | Batting: LHB Anacleto Morillo | 0-0: Ball 1-0: Foul Ball, location: 2F 1-1: Called Strike 1-2: Strikes out swinging | Top of the 7th over - 0 runs, 0 hits, 0 errors, 0 left on base; San Francisco 0 - Maui 2 | BOTTOM OF THE 7TH |
---|
Maui Tropics batting - Pitching for San Francisco Bandits : RHP Mitsunari Taguchi | Batting: RHB Matt Silver | 0-0: Foul Ball, location: 2F 0-1: Called Strike 0-2: Ball 1-2: Strikes out looking | Batting: LHB Mark Everett | 0-0: Ball 1-0: Ground out 6-3 (Groundball, 6D) | Batting: RHB John Brown | 0-0: Called Strike 0-1: Foul Ball, location: 2F 0-2: Ball 1-2: Foul Ball, location: 2F 1-2: Ball 2-2: Foul Ball, location: 2F 2-2: Ball 3-2: Foul Ball, location: 2F 3-2: SINGLE (Line Drive, 56) | Batting: LHB Don Hull | 0-0: DOUBLE (Groundball, 3L) John Brown to third | Batting: LHB Dave Cook | 0-0: Called Strike 0-1: Foul Ball, location: 2F 0-2: Foul Ball, location: 2F 0-2: Strikes out swinging | Bottom of the 7th over - 0 runs, 2 hits, 0 errors, 2 left on base; San Francisco 0 - Maui 2 | TOP OF THE 8TH |
---|
San Francisco Bandits batting - Pitching for Maui Tropics : LHP Jerry Martin | Batting: RHB Jaime Spiridon | Error on foul ball, E5 0-1: Ball 1-1: SINGLE (Flyball, 78M) | Batting: SHB Terry Dailey | 0-0: Called Strike 0-1: Foul Ball, location: 2F 0-2: Reached on error, E3 (Groundball, 3L) Jaime Spiridon to second | Batting: RHB Javier Ramírez | 0-0: SINGLE (Groundball, 34D) Jaime Spiridon to third Terry Dailey to second Runner from 3rd tries for Home, SAFE, no throw | Pitching: RHP César Rúbio | | Batting: RHB Naomichi Aoki | 0-0: Called Strike 0-1: Swinging Strike 0-2: Strikes out swinging | Batting: RHB Owen Carter | 0-0: Ball 1-0: Ball 2-0: Fly out, F8 (Flyball, 8RXD) Runner from 2nd tags up, SAFE at 3rd, no throw | Batting: RHB Michael Elliott | 0-0: Ball 1-0: Ball 2-0: Swinging Strike 2-1: Swinging Strike 2-2: Ball 3-2: Strikes out swinging | Top of the 8th over - 1 run, 2 hits, 2 errors, 2 left on base; San Francisco 1 - Maui 2 | BOTTOM OF THE 8TH |
---|
Maui Tropics batting - Pitching for San Francisco Bandits : RHP Mitsunari Taguchi | Batting: RHB Jesús Espinoza | 0-0: Ground out 6-3 (Groundball, 6) | Batting: LHB Luis Antonio Torres | 0-0: Ground out 5-3 (Groundball, 56) | Batting: LHB José Rivas | 0-0: Called Strike 0-1: Foul Ball, location: 2F 0-2: Ball 1-2: Foul Ball, location: 2F 1-2: Foul Ball, location: 2F 1-2: Ball 2-2: Foul Ball, location: 2F 2-2: DOUBLE (Line Drive, 8LXD) | Batting: RHB Michael Woodruff | 0-0: SINGLE (Line Drive, 56D) José Rivas to third Runner from 3rd tries for Home, throw and OUT! | Bottom of the 8th over - 0 runs, 2 hits, 0 errors, 1 left on base; San Francisco 1 - Maui 2 | TOP OF THE 9TH |
---|
San Francisco Bandits batting - Pitching for Maui Tropics : RHP César Rúbio | Batting: LHB Chris Austin | 0-0: Called Strike 0-1: Ball 1-1: SINGLE (Line Drive, 89M) | Batting: RHB Scott Merritt | 0-0: Ball 1-0: Sac Bunt - play at first, batter OUT! 3-4 Chris Austin to second | Batting: LHB Anacleto Morillo | 0-0: Foul Ball, location: 2F 0-1: Ball 1-1: Foul Ball, location: 2F 1-2: Ball 2-2: Foul Ball, location: 2F 2-2: Foul Ball, location: 2F 2-2: Strikes out looking | Batting: RHB Jaime Spiridon | 0-0: Foul Ball, location: 2F 0-1: Foul Ball, location: 2F 0-2: Foul Ball, location: 2F 0-2: Strikes out looking | Top of the 9th over - 0 runs, 1 hit, 0 errors, 1 left on base; San Francisco 1 - Maui 2 | |